 Dungeon Crawl Stone Soup version 0.20.1-1-g8b1a95d (webtiles) character file.

9816 grizmgrazm2 the Covert (level 11, -12/68 HPs)
             Began as a Vampire Enchanter on Sept 19, 2017.
             Was a Priest of Sif Muna.
             Mangled by an ettin
             ... wielding a +1 dire flail of protection
              (26 damage)
             ... on level 10 of the Dungeon.
             The game lasted 00:56:06 (12315 turns).

grizmgrazm2 the Covert (Vampire Enchanter)         Turns: 12315, Time: 00:56:07

Health: -12/68     AC: 12    Str: 13    XL:     11   Next: 28%
Magic:  21/23      EV: 17    Int: 21    God:    Sif Muna [***...]
Gold:   400        SH:  0    Dex: 21    Spells: 14/26 levels left

rFire    . . .     SeeInvis +   a - +3 dagger
rCold    + + .     Gourm    .   (no shield)
rNeg     + + +     Faith    .   C - +1 leather armour of the Big Bang {*Corrode Str+6}
rPois    ∞         Spirit   .   o - +2 hat
rElec    .         Reflect  .   n - +1 cloak
rCorr    .         Harm     .   f - +1 pair of gloves
MR       +....                  j - +1 pair of boots
Stlth    +++++++...             (no amulet)
Regen    0.0/turn               e - +6 ring of dexterity
MPRegen  0.2/turn               l - ring of wizardry

@: bloodless, non-regenerating
A: fangs 3, see invisible, unbreathing
a: Bat Form, Divine Energy, Channel Magic, Renounce Religion


You were on level 10 of the Dungeon.
You worshipped Sif Muna.
Sif Muna was most pleased with you.
You were bloodless.

You visited 2 branches of the dungeon, and saw 11 of its levels.

You collected 631 gold pieces.
You spent 231 gold pieces at shops.

Inventory:

Hand Weapons
 a - a +3 dagger (weapon)
Armour
 b - a +0 robe
 f - a +1 pair of gloves (worn)
 j - a +1 pair of boots (worn)
 n - a +1 cloak (worn)
 o - a +2 hat (worn)
 C - the +1 leather armour of the Big Bang (worn) {*Corrode Str+6}
   (You bought it in a shop on level 8 of the Dungeon)

   It affects your strength (+6).
   It may corrode you when you take damage.
Jewellery
 e - a +6 ring of dexterity (left hand)
 k - an uncursed ring of protection from magic
 l - a ring of wizardry (right hand)
 w - an uncursed ring of fire
 B - an uncursed ring of protection from fire
 E - an uncursed ring of ice
Wands
 i - a wand of lightning (10/15)
 q - a wand of iceblast (6/15)
 r - a wand of polymorph (17/24)
 s - a wand of disintegration (13/24)
 t - a wand of enslavement (19/24)
 y - a wand of polymorph (13/24)
 F - a wand of random effects (31/48)
Scrolls
 g - 4 scrolls of teleportation
 h - 3 scrolls of amnesia
 p - 4 scrolls of remove curse
 A - 3 scrolls of identify
Potions
 d - 15 potions of blood
 m - 2 potions of cancellation
 u - a potion of heal wounds
 v - 2 potions of curing
 z - a potion of ambrosia
 D - a potion of haste
Books
 c - a book of Maledictions

   Spells                             Type                      Level
   a - Corona                         Hexes                        1
   b - Ensorcelled Hibernation        Hexes/Ice                    2
   c - Confuse                        Hexes                        3
   d - Tukima's Dance                 Hexes                        3
   e - Dazzling Spray                 Conjuration/Hexes            3
 x - a book of Callings

   Spells                             Type                      Level
   a - Summon Small Mammal            Summoning                    1
   b - Call Imp                       Summoning                    2
   c - Call Canine Familiar           Summoning                    3
   d - Summon Guardian Golem          Hexes/Summoning              3
   e - Summon Lightning Spire         Summoning/Air                4
   f - Summon Ice Beast               Ice/Summoning                4


   Skills:
 + Level 6.9 Short Blades
 + Level 6.9 Dodging
 + Level 12.3 Stealth
 * Level 8.1 Spellcasting
 + Level 10.6 Hexes
 + Level 4.2 Summonings
 + Level 6.5 Ice Magic


You had 14 spell levels left.
You knew the following spells:

 Your Spells              Type           Power        Failure   Level  Hunger
a - Ensorcelled Hibernat  Hex/Ice        #####.       1%          2    None
b - Confuse               Hex            ######..     1%          3    None
d - Summon Guardian Gole  Hex/Summ       #####...     1%          3    None
e - Summon Ice Beast      Ice/Summ       ####....     4%          4    ###....


Dungeon Overview and Level Annotations

Branches:
Dungeon (10/15)            Temple (1/1) D:7             Orc (0/2) D:9
   Lair: D:8-11

Altars:
Ashenzari
Cheibriados
Dithmenos
Elyvilon
Fedhas
Gozag
Hepliaklqana
Kikubaaqudgha
Makhleb
Nemelex Xobeh
Okawaru
Qazlal
Ru
Sif Muna
Trog
Uskayaw
Vehumet
Xom
Yredelemnul
Zin
The Shining One
Beogh

Shops:
D:7 *   D:8 [%[}


Innate Abilities, Weirdness & Mutations

You do not heal naturally.
You are immune to poison.
You have razor-sharp teeth.
You have supernaturally acute eyesight. (SInv)
You can survive without breathing.


Message History

A worker ant and an ettin come into view.
The ettin is wielding a dire flail of protection and a dire flail.
The ettin shouts in stereo!
The ettin moves out of view.
Found a bread ration and a wand of iceblast (?/15).
Found 16 gold pieces.
There is an open door here.
The worker ant twitches its antennae in your direction.
You hit the ettin but do no damage. The ettin closely misses you.
The ettin hits you with a dire flail!!
Casting: Summon Ice Beast
Confirm with . or Enter, or press ? or * to list all spells.
Aiming: Ensorcelled Hibernation
Press: ? - help, Shift-Dir - straight line, f - worker ant
Aim: a worker ant (chance to defeat MR: 76%)
The worker ant struggles to resist.
The worker ant misses you.
The ettin hits you with a dire flail of protection!!
* * * LOW HITPOINT WARNING * * *
The ettin hits you with a dire flail!!
You die...

............ #.....# .........<#
...........# ##...## .#######..#
.#########.#####'############..#
.#########.#.......##...##.....#
...................#.....#.....#
########........8..'.....####..#
#..##.......#...%.# #..#
#..##.......##...#####..#
#.....###@#########.....#
......##.Ca# ......(....#
.......#.....#...........#
#.......#.....###########.#
#.....# ########.# ##/%$##
.........# ##### .........#
########.# #########.#


You could see an ettin and a worker ant.

Vanquished Creatures
  A two-headed ogre (D:10)
  An unseen horror (D:10)
  Pikel (D:4)
  A manticore (D:10)
  Joseph (D:7)
  A troll (D:9)
  A queen bee (D:8)
  2 hornets
  Grinder (D:5)
  A hippogriff (D:8)
  Eustachio (D:4)
  The ghost of Asgaroth the Poker, an amateur DrGl (D:4)
  A hungry ghost (D:8)
  2 ice beasts
  6 orc warriors
  A slave (D:4)
  3 phantoms
  2 sky beasts
  4 ogres
  4 centaurs
  5 big kobolds (D:3)
  5 bullfrogs
  6 scorpions
  26 killer bees
  A water moccasin skeleton (D:7)
  4 wights (D:9)
  6 howler monkeys
  4 crimson imps
  A quasit (D:6)
  6 hounds
  5 orc priests
  4 jellies
  3 bullfrog skeletons
  5 orc wizards
  2 iguanas
  Natasha (thrice) (D:4)
  4 worker ants
  A killer bee zombie (D:8)
  2 hound zombies
  2 hound skeletons (D:8)
  A howler monkey skeleton (D:9)
  4 worker ant zombies
  13 gnolls
  14 adders
  2 shadow imps
  An ooze (D:3)
  2 adder zombies
  An adder skeleton (D:6)
  4 worms
  A dart slug (D:2)
  4 leopard geckos
  40 orcs
  6 giant cockroaches
  8 goblins
  10 hobgoblins
  3 jackals (D:2)
  A quokka (D:8)
  A ball python zombie (D:5)
  9 bats
  2 frilled lizards
  40 kobolds
  2 quokka zombies
  8 rats
308 creatures vanquished.

Vanquished Creatures (collateral kills)
  A statue (D:8)
1 creature vanquished.

Vanquished Creatures (others)
  An orc warrior (D:7)
  2 centaurs (D:7)
  A hound (D:7)
  An iguana (D:7)
  An orc wizard (D:7)
  A worker ant (D:7)
  A hound skeleton (D:7)
  3 gnolls (D:7)
11 creatures vanquished.

Grand Total: 320 creatures vanquished

Notes
Turn   | Place    | Note
-------+----------+-------------------------------------------
     0 | D:1      | grizmgrazm2 the Vampire Enchanter began the quest for the Orb.
     0 | D:1      | Reached XP level 1. HP: 13/13 MP: 3/3
   392 | D:1      | Reached XP level 2. HP: 19/19 MP: 5/5
   402 | D:1      | Learned a level 2 spell: Ensorcelled Hibernation
   809 | D:1      | Reached skill level 5 in Hexes
  1108 | D:1      | Reached skill level 5 in Stealth
  1119 | D:2      | Reached XP level 3. HP: 24/24 MP: 6/6
  1556 | D:2      | Reached skill level 1 in Ice Magic
  1842 | D:2      | Found a glowing silver altar of Zin.
  2009 | D:2      | Reached XP level 4. HP: 30/30 MP: 7/7
  2124 | D:2      | Reached skill level 6 in Stealth
  2451 | D:3      | Found a burning altar of Makhleb.
  2451 | D:3      | Found a hide-covered altar of Uskayaw.
  2452 | D:3      | Found an ancient bone altar of Kikubaaqudgha.
  2562 | D:3      | Found an opulent altar of Gozag.
  2888 | D:3      | Noticed a big kobold
  2894 | D:3      | Killed a big kobold
  2894 | D:3      | Reached XP level 5. HP: 35/35 MP: 7/9
  3076 | D:3      | Reached skill level 7 in Stealth
  3076 | D:3      | Reached XP level 6. HP: 41/41 MP: 6/10
  3201 | D:3      | Learned a level 3 spell: Confuse
  4019 | D:3      | Reached skill level 8 in Stealth
  4019 | D:3      | Reached XP level 7. HP: 46/46 MP: 6/12
  4741 | D:4      | Noticed Natasha
  4748 | D:4      | Killed Natasha
  4767 | D:4      | Noticed Asgaroth's ghost (amateur DrGl)
  5033 | D:4      | Found a snail-covered altar of Cheibriados.
  5056 | D:4      | Killed Asgaroth's ghost
  5102 | D:4      | Noticed Natasha
  5108 | D:4      | Killed Natasha
  5145 | D:4      | Noticed Pikel
  5156 | D:4      | Killed Pikel
  5156 | D:4      | Reached skill level 9 in Stealth
  5156 | D:4      | Reached XP level 8. HP: 52/52 MP: 2/14
  5503 | D:4      | Noticed Eustachio
  5508 | D:4      | Killed Eustachio
  5582 | D:4      | Reached skill level 10 in Stealth
  5838 | D:4      | Noticed Natasha
  5856 | D:4      | Killed Natasha
  5900 | D:5      | Entered Level 5 of the Dungeon
  6094 | D:5      | Noticed Grinder
  6107 | D:5      | Killed Grinder
  6291 | D:5      | Reached XP level 9. HP: 57/57 MP: 13/16
  6543 | D:5      | Reached skill level 5 in Spellcasting
  7163 | D:6      | Reached skill level 5 in Dodging
  7239 | D:6      | Learned a level 3 spell: Summon Guardian Golem
  7244 | D:6      | Learned a level 4 spell: Summon Ice Beast
  7804 | D:7      | Reached skill level 1 in Summonings
  7807 | D:7      | Reached skill level 5 in Ice Magic
  7831 | D:7      | Reached skill level 5 in Short Blades
  8005 | D:7      | Found Gozag's Platinum Reserve.
  8005 | D:7      | Found an opulent altar of Gozag.
  8050 | D:7      | Found a staircase to the Ecumenical Temple.
  8067 | Temple   | Entered the Ecumenical Temple
  8130 | Temple   | Became a worshipper of Sif Muna the Loreminder
  8183 | D:7      | Reached skill level 11 in Stealth
  8197 | D:7      | Noticed Joseph
  8213 | D:7      | Killed Joseph
  8233 | D:7      | Found a basalt altar of Yredelemnul.
  8401 | D:7      | Reached XP level 10. HP: 63/63 MP: 9/19
  8683 | D:7      | Found a shimmering altar of Xom.
  8699 | D:7      | Found a bloodstained altar of Trog.
  8728 | D:7      | Reached * piety under Sif Muna
  9031 | D:8      | Found Xonnuwot's Food Shoppe.
  9074 | D:8      | Found Tiosanni's Antique Armour Shop.
  9114 | D:8      | Bought a bloodstained leather armour for 231 gold pieces
  9124 | D:8      | Identified the +1 leather armour of the Big Bang {*Corrode Str+6} (You bought it in a shop on level 8 of the Dungeon)
  9605 | D:8      | Reached skill level 10 in Hexes
  9701 | D:8      | Found a shattered altar of Ashenzari.
  9702 | D:8      | Found Biakeplu's Gadget Boutique.
  9870 | D:8      | Reached ** piety under Sif Muna
  9988 | D:8      | Found a white marble altar of Elyvilon.
 10025 | D:8      | Found Vatref's Antique Armour Emporium.
 10077 | D:8      | Found a radiant altar of Vehumet.
 10318 | D:9      | Found a roughly hewn altar of Beogh.
 10318 | D:9      | Found a staircase to the Orcish Mines.
 10861 | D:9      | Reached skill level 12 in Stealth
 11343 | D:9      | Found a hazy altar of Hepliaklqana.
 11737 | D:9      | Reached XP level 11. HP: 54/68 MP: 17/22
 11939 | D:10     | Entered Level 10 of the Dungeon
 11962 | D:10     | Noticed an unseen horror
 11964 | D:10     | Killed an unseen horror
 11964 | D:10     | Reached *** piety under Sif Muna
 11970 | D:10     | Noticed a two-headed ogre
 11978 | D:10     | Killed a two-headed ogre
 12312 | D:10     | Noticed an ettin
 12315 | D:10     | Mangled by an ettin

Skill      XL: |  1  2  3  4  5  6  7  8  9 10 11 |
---------------+----------------------------------+-----
Hexes          | 5 6 7 8 9 10 | 10.6
Stealth        | 5 6 7 8 9 10 11 12 | 12.3
Ice Magic      | 1 2 3 4 5 6 |  6.5
Spellcasting   | 3 4 6 7 8 |  8.1
Short Blades   | 2 3 4 5 6 |  6.9
Dodging        | 4 5 6 |  6.9
Summonings     | 2 3 4 |  4.2

Action                   |  1- 3 |  4- 6 |  7- 9 | 10-12 || total
-------------------------+-------+-------+-------+-------++-------
Melee: Dagger            |    59 |   114 |   242 |   249 ||   664
       Bite              |     1 |     8 |    20 |    34 ||    63
 Cast: Corona            |     3 |       |       |       ||     3
       Ensorcelled Hiber |    30 |    50 |    95 |    97 ||   272
       Confuse           |       |       |    18 |    25 ||    43
       Summon Ice Beast  |       |       |       |     3 ||     3
       Summon Guardian G |       |       |       |     1 ||     1
 Abil: End Transformatio |       |       |     2 |     2 ||     4
       Bat Form          |       |       |     2 |     2 ||     4
  Use: Scroll            |     5 |     6 |     7 |     5 ||    23
       Potion            |       |     2 |     4 |     5 ||    11
 Stab: Sleeping          |    34 |    43 |    81 |    79 ||   237
       Confused          |       |       |    12 |    20 ||    32
       Distracted        |       |       |     1 |     1 ||     2
Armor: Robe              |    21 |    46 |    59 |     5 ||   131
       Leather armour    |       |       |       |    49 ||    49
Dodge: Dodged            |    33 |    76 |   178 |   167 ||   454
